Map: Acropolis LE

Players

Mez

  • Race: Terran Terran
  • League: Master
  • Spawn Location: 5:00

IIIIIIIIIIII - Winner!

  • Race: Terran Terran
  • League: Master
  • Spawn Location: 11:00

VOD

Have the link to the VOD?

Description

Time

  • Played on: Aug. 31, 2019, 3:20 a.m.
  • Length: 2:48
Show
View Real Time Build Order
Export as new Build Order

Mez Terran 

Build Orders:  

Get SALT Encoding   

  12  0:00  SCV  
  13  0:13  SCV  
  14  0:18  Supply Depot  
  14  0:25  SCV  
  15  0:33  Refinery  
  15  0:40  SCV  
  16  0:45  Barracks  
  16  0:52  SCV  
  18  1:04  SCV  
  18  1:16  SCV  
  19  1:33  Orbital Command, Reaper  
  20  1:55  Bunker  
  20  2:05  Supply Depot  
  20  2:06  Supply Depot x2  
  20  2:07  SCV  
  20  2:15  Marine  
  21  2:19  Factory  
  19  2:28  SCV  
Show
View Real Time Build Order
Export as new Build Order

IIIIIIIIIIII Terran - Winner!

Build Orders:  

Get SALT Encoding   

  12  0:08  Supply Depot  
  12  0:31  Refinery  
  12  0:33  Barracks  
  12  0:51  Barracks  
  12  0:59  SCV  
  13  1:21  Barracks  
  13  1:22  Reaper  
  14  1:30  SCV  
  15  1:38  Reaper  
  16  1:46  Refinery  
  16  1:54  Reaper  
  17  2:14  Reaper  
  18  2:35  Barracks  
Tags
 
Matchup
TvT
Race
Terran
Replay Pack
Spawningtool_Mez
Spawn Locations
Cross Positions
Add a new tag
Caveats
  • Supply blocks, unpowered buildings, or Contaminate may cause inaccurate times.
  • Supply counts are checked every 10 seconds.